 Dungeon Crawl Stone Soup version 0.24-b1 (webtiles) character file.

Game seed: 11420936010068478679, levelgen mode: deterministic

12334 MordorOrchid the Reanimator (level 11, -5/81 HPs)
             Began as a Demonspawn Necromancer on Oct 10, 2019.
             Was an Elder of Cheibriados.
             Slain by a komodo dragon (22 damage)
             ... on level 4 of the Lair of Beasts on Oct 13, 2019.
             The game lasted 01:09:03 (8791 turns).

MordorOrchid the Reanimator (DsNe)                  Turns: 8791, Time: 01:09:04

Health: -5/81      AC: 19    Str: 24    XL:     11   Next: 61%
Magic:  18/21      EV: 13    Int: 29    God:    Cheibriados [****..]
Gold:   322        SH:  7    Dex: 27    Spells: 16/24 levels left

rFire    + . .     SeeInvis .   a - +5 whip "Farar" {elec, +Rage rPois Str+4}
rCold    . . .     Gourm    .   r - +0 buckler
rNeg     . . .     Faith    .   h - +5 chain mail {rPois}
rPois    +         Spirit   .   t - +0 helmet
rElec    .         Reflect  .   e - scarf {cloud immunity}
rCorr    .         Harm     .   W - +0 pair of gloves
MR       .....                  (no boots)
Stlth    ..........             (no amulet)
HPRegen  0.23/turn              O - +3 ring of strength
MPRegen  0.17/turn              g - +4 ring of dexterity

@: very slow
A: hooves 2, rugged brown scales 1, fire resistance 1, flame cloud immunity
a: Bend Time, Temporal Distortion, Slouch, Renounce Religion, Evoke Berserk Rage


You were on level 4 of the Lair of Beasts.
You worshipped Cheibriados.
Cheibriados was greatly pleased with you.
You were not hungry.

You visited 3 branches of the dungeon, and saw 13 of its levels.
You also visited: Sewer.

You collected 642 gold pieces.
You spent 320 gold pieces at shops.

Inventory:

Hand Weapons
 a - the +5 whip "Farar" (weapon) {elec, +Rage rPois Str+4}
   (You found it on level 6 of the Dungeon)

   Occasionally, upon striking a foe, it will discharge some electrical energy
   and cause terrible harm.
   It affects your strength (+4).
   It protects you from poison.
   It lets you go berserk.
 y - a +3 short sword of venom
Missiles
 l - 71 poisoned darts
 v - 121 arrows
 x - a throwing net
 C - 2 boomerangs (quivered)
 G - 55 bolts
Armour
 e - a scarf of cloud immunity (worn)
 h - a +5 chain mail of poison resistance (worn)
 r - a +0 buckler (worn)
 t - a +0 helmet (worn)
 B - the +3 ring mail of Twilight {+Inv Str+4}
   (You found it on level 4 of the Dungeon)

   It affects your strength (+4).
   It lets you turn invisible.
 J - a +2 robe of cold resistance
 W - a +0 pair of gloves (worn)
 Y - a +2 robe of positive energy
Jewellery
 b - an uncursed amulet of guardian spirit {unknown}
 g - a +4 ring of dexterity (right hand)
 F - an uncursed ring of ice
 O - a +3 ring of strength (left hand)
 R - an uncursed ring of protection from cold
Wands
 j - a wand of acid (6)
 q - a wand of polymorph (8)
 s - a wand of digging (6)
 A - a wand of flame (14)
 E - a wand of enslavement (13)
 S - a wand of clouds (4)
Scrolls
 f - 2 scrolls of teleportation
 i - 2 scrolls of enchant armour
 n - a scroll of magic mapping {unknown}
 p - a scroll of brand weapon {unknown}
 u - 6 scrolls of remove curse
 D - a scroll of blinking {unknown}
 K - 2 scrolls of enchant weapon
 L - a scroll of fear {unknown}
 M - a scroll of immolation {unknown}
 Z - 2 scrolls of fog
Potions
 d - 2 potions of flight
 k - 6 potions of curing
 m - a potion of resistance
 o - 2 potions of lignification
 w - 2 potions of mutation {unknown}
 z - 6 potions of heal wounds
 I - 2 potions of might
 P - 3 potions of ambrosia
 T - a potion of agility
Miscellaneous
 Q - a box of beasts
Comestibles
 c - 24 rations


   Skills:
 - Level 5.0 Fighting
 - Level 3.0 Maces & Flails
 * Level 6.9 Armour
 * Level 5.4 Dodging
 * Level 4.4 Stealth
 - Level 4.0 Shields
 * Level 3.4 Unarmed Combat
 - Level 7.0 Spellcasting
 - Level 2.1 Charms
 + Level 8.8 Necromancy
 * Level 5.9 Invocations
 * Level 5.9 Evocations


You had 16 spell levels left.
You knew the following spells:

 Your Spells              Type           Power        Failure   Level  Hunger
a - Pain                  Necr           ####         1%          1    None
k - Regeneration          Chrm/Necr      #####.....   10%         3    None
u - Animate Skeleton      Necr           N/A          1%          1    None
v - Vampiric Draining     Necr           ######....   2%          3    None

Your spell library contained the following spells:

 Spells                   Type           Power        Failure   Level  Hunger
 Animate Dead             Necr           N/A          9%          4    ##.....


Dungeon Overview and Level Annotations

Branches:
Dungeon (8/15)             Temple (1/1) D:7            Lair (3/6) D:8
  Snake (0/4) Lair:2        Sewer (visited)
  Swamp: Lair:2-4    Shoals: Lair:2-4

Altars:
Cheibriados
Dithmenos
Elyvilon
Fedhas
Hepliaklqana
Kikubaaqudgha
Makhleb
Nemelex Xobeh
Okawaru
Qazlal
Uskayaw
Vehumet
Wu Jian
Xom
Yredelemnul
Zin
The Shining One

Shops:
D:7 (}}!!

Annotations:
D:3 3 runed translucent doors, lolicon's ghost, amateur DrTm
D:6 1 runed translucent door, larifari's ghost, amateur FeEn


Innate Abilities, Weirdness & Mutations

You have hoof-like feet.
You are partially covered in rugged brown scales. (AC +1, +3% HP)
Your flesh is heat resistant. (rF+)
You are immune to clouds of flame.


Message History

The flow of time bends around you.
Cheibriados rebukes the komodo dragon.
The komodo dragon seems to slow down.
You feel slightly more hungry. You block the komodo dragon's attack.
Your chain mail prevents you from hitting the komodo dragon.
You kick the komodo dragon!
The komodo dragon is lightly wounded.
The komodo dragon completely misses you.
You hit the komodo dragon. You kick the komodo dragon.
The komodo dragon is moderately wounded.
You block the crocodile's attack.
You whack the komodo dragon! Your kick misses the komodo dragon.
The komodo dragon is heavily wounded.
The komodo dragon bites you!
* * * LOW HITPOINT WARNING * * *
The crocodile bites you but does no damage.
You hit the komodo dragon. Your kick misses the komodo dragon.
The komodo dragon is heavily wounded.
The crocodile misses you. The komodo dragon bites you!!
You die...

.... #.# .... ... ##..##
#.## . #.... #..# ..
P..## #..# ... #
#..P###.# .... #
#..###P.####..... #
####..##.P..#l.....(
#####...........@t......
........................
.######....#######P#####
## ###### ##


You could see a komodo dragon and a crocodile.

Vanquished Creatures
  2 hydras
  Harold (D:7)
  A black mamba (Lair:2)
  3 spiny frogs
  6 hippogriffs
  7 yaks
  2 wargs (D:8)
  Duvessa (D:5)
  3 porcupines
  10 water moccasins
  A sky beast (D:6)
  3 orc warriors
  2 ice beasts
  2 phantoms
  An ogre (D:6)
  7 centaurs
  5 wolves (Lair:2)
  4 crocodiles
  3 big kobolds
  10 bullfrogs
  Dowan (D:5)
  A scorpion (D:5)
  A water moccasin skeleton (D:7)
  A howler monkey (D:6)
  4 crimson imps
  A centaur skeleton (D:5)
  3 orc priests (D:8)
  6 hounds
  10 orc wizards
  A gnoll shaman (D:7)
  Terence (D:2)
  2 worker ants (D:4)
  Robin (D:2)
  11 gnolls
  3 river rats (Sewer)
  13 adders
  2 adder skeletons (D:4)
  5 worms
  A dart slug (D:4)
  4 leopard geckos
  24 orcs
  6 giant cockroaches
  16 goblins
  12 hobgoblins
  11 jackals
  4 quokkas
  3 ball pythons
  6 bats
  4 frilled lizards
  A jackal zombie (D:7)
  17 kobolds
  2 quokka skeletons
  11 rats
  2 plants (D:7)
265 creatures vanquished.

Vanquished Creatures (collateral kills)
  Psyche (D:8)
  A spiny frog (Lair:1)
  A water moccasin (Lair:1)
  A porcupine (Lair:1)
  An orc warrior (D:7)
  2 ogres
  A necrophage (D:6)
  2 bullfrogs (D:6)
  A scorpion (D:4)
  A crimson imp (D:8)
  2 bullfrog zombies
  A hound (D:6)
  A worker ant (D:6)
  2 shadow imps (D:5)
  An ooze (D:2)
  A dart slug (D:3)
  5 orcs
  2 hobgoblins
  3 jackals (D:7)
  A frilled lizard (D:2)
  A goblin (D:2)
  3 kobolds
  A quokka skeleton (D:4)
  A rat (D:3)
  A spectral orc (D:6)
  A plant (D:7)
39 creatures vanquished.

Vanquished Creatures (others)
  A scorpion (D:4)
  An iguana (D:4)
  A quokka (D:4)
  5 fungi (Lair:2)
  6 plants (Lair:2)
14 creatures vanquished.

Grand Total: 318 creatures vanquished

Notes
Turn   | Place    | Note
-------+----------+-------------------------------------------
     0 | D:1      | MordorOrchid the Demonspawn Necromancer began the quest for
                  | the Orb.
     0 | D:1      | Reached XP level 1. HP: 13/13 MP: 3/3
     2 | D:1      | Learned a level 1 spell: Animate Skeleton
   154 | D:1      | Gained mutation: Your flesh is heat resistant. (rF+)
                  | [demonic ancestry]
   154 | D:1      | Reached XP level 2. HP: 17/20 MP: 0/5
   377 | D:1      | Reached skill level 1 in Fighting
   650 | D:1      | Reached skill level 1 in Unarmed Combat
  1080 | D:2      | Gained mutation: You are partially covered in rugged brown
                  | scales. (AC +1, +3% HP) [demonic ancestry]
  1080 | D:2      | Reached XP level 3. HP: 17/26 MP: 1/6
  1088 | D:2      | Learned a level 3 spell: Vampiric Draining
  1117 | D:2      | Noticed Terence
  1129 | D:2      | Killed Terence
  1155 | D:2      | Gained mutation: You have large cloven feet. [demonic
                  | ancestry]
  1155 | D:2      | Reached XP level 4. HP: 23/32 MP: 0/7
  1368 | D:2      | Noticed Robin
  1384 | D:2      | Killed Robin
  1448 | D:2      | Learned a level 3 spell: Regeneration
  1695 | D:3      | Noticed a centaur
  1717 | D:3      | Gained mutation: You are immune to clouds of flame.
                  | [demonic ancestry]
  1717 | D:3      | Reached XP level 5. HP: 13/39 MP: 5/9
  1931 | D:3      | Killed a centaur
  1931 | D:3      | Reached XP level 6. HP: 5/45 MP: 4/10
  1944 | D:3      | Reached skill level 5 in Necromancy
  2066 | D:3      | Found a glowing drain.
  2170 | Sewer    | Entered a sewer
  2273 | Sewer    | Reached skill level 1 in Charms
  2329 | Sewer    | Found a glowing silver altar of Zin.
  2603 | D:3      | Found a runed translucent gate.
  2608 | D:3      | Found a runed translucent gate.
  2609 | D:3      | Found a runed translucent gate.
  2610 | D:3      | Noticed lolicon's ghost (amateur DrTm)
  2659 | D:3      | Found a blossoming altar of Fedhas.
  2971 | D:3      | Reached skill level 1 in Armour
  3043 | D:4      | Found a white marble altar of Elyvilon.
  3056 | D:4      | Got a crude ring mail
  3302 | D:4      | Found a shimmering altar of Xom.
  3604 | D:4      | Reached XP level 7. HP: 50/52 MP: 8/12
  3974 | D:5      | Entered Level 5 of the Dungeon
  3977 | D:5      | Identified the +3 ring mail of Twilight {+Inv Str+4} (You
                  | found it on level 4 of the Dungeon)
  4291 | D:5      | Found an iron altar of Okawaru.
  4435 | D:5      | Reached skill level 6 in Necromancy
  4435 | D:5      | Reached skill level 1 in Evocations
  4450 | D:5      | Found a shadowy altar of Dithmenos.
  4554 | D:5      | Noticed Dowan
  4563 | D:5      | Noticed Duvessa
  4587 | D:5      | Killed Duvessa
  4587 | D:5      | Reached XP level 8. HP: 45/59 MP: 8/14
  4602 | D:5      | Killed Dowan
  4940 | D:6      | Noticed larifari's ghost (amateur FeEn)
  4944 | D:6      | Found a runed translucent door.
  5216 | D:6      | Reached XP level 9. HP: 64/64 MP: 15/15
  5218 | D:6      | Found a radiant altar of Vehumet.
  5230 | D:6      | Reached skill level 1 in Shields
  5315 | D:6      | Got a shimmering whip
  5316 | D:6      | Identified the +5 whip "Farar" {elec, +Rage rPois Str+4}
                  | (You found it on level 6 of the Dungeon)
  5379 | D:6      | Found a basalt altar of Yredelemnul.
  5588 | D:7      | Found Utro's Distillery.
  5591 | D:7      | Bought a potion of might for 48 gold pieces
  5591 | D:7      | Bought a potion of agility for 48 gold pieces
  5591 | D:7      | Bought a potion of might for 48 gold pieces
  5591 | D:7      | Bought a potion of curing for 36 gold pieces
  5603 | D:7      | Found a staircase to the Ecumenical Temple.
  5605 | D:7      | Found Nuorihu's Distillery.
  5610 | D:7      | Reached skill level 5 in Evocations
  5619 | D:7      | Bought a potion of heal wounds for 70 gold pieces
  5620 | D:7      | Found Ysiff's Gadget Emporium.
  5635 | Temple   | Entered the Ecumenical Temple
  5650 | Temple   | Became a worshipper of Cheibriados the Contemplative
  5756 | D:7      | Noticed Harold
  5768 | D:7      | Reached skill level 1 in Maces & Flails
  5768 | D:7      | Reached skill level 5 in Armour
  5768 | D:7      | Reached skill level 1 in Invocations
  5773 | D:7      | Killed Harold
  5773 | D:7      | Reached skill level 5 in Spellcasting
  5773 | D:7      | Reached skill level 7 in Necromancy
  5787 | D:7      | Found Buutwuerr's Antique Weapon Emporium.
  5879 | D:7      | Reached * piety under Cheibriados
  5909 | D:7      | Found a hide-covered altar of Uskayaw.
  6003 | D:7      | Bought a potion of heal wounds for 70 gold pieces
  6016 | D:7      | Found Umakhemu's Gadget Shop.
  6119 | D:7      | Gained mutation: You have hoof-like feet. [demonic
                  | ancestry]
  6119 | D:7      | Reached XP level 10. HP: 52/72 MP: 14/18
  6488 | D:8      | Found a hazy altar of Hepliaklqana.
  6493 | D:8      | Found an ornate altar of the Wu Jian Council.
  6618 | D:8      | Reached ** piety under Cheibriados
  6628 | D:8      | Noticed Psyche
  6638 | D:8      | Killed Psyche
  6680 | D:8      | Found a staircase to the Lair.
  6909 | D:8      | Reached skill level 8 in Necromancy
  7220 | Lair:1   | Entered Level 1 of the Lair of Beasts
  7303 | Lair:1   | Noticed a spiny frog
  7309 | Lair:1   | Killed a spiny frog
  7322 | Lair:1   | Noticed an eight-headed hydra
  7336 | Lair:1   | Killed an eight-headed hydra
  7336 | Lair:1   | Reached *** piety under Cheibriados
  7487 | Lair:1   | Reached XP level 11. HP: 77/79 MP: 15/20
  7668 | Lair:1   | Upgraded the game from 0.24-a0-789-g35933f4585 to 0.24-b1
  7733 | Lair:1   | Reached skill level 5 in Invocations
  7826 | Lair:2   | Reached skill level 5 in Dodging
  7998 | Lair:2   | Found a staircase to the Snake Pit.
  8061 | Lair:2   | Noticed a seven-headed hydra
  8355 | Lair:2   | Reached **** piety under Cheibriados
  8417 | Lair:2   | Killed a seven-headed hydra
  8587 | Lair:3   | Reached skill level 5 in Fighting
  8721 | Lair:3   | You fall into a shaft and drop 1 floor!
  8723 | Lair:4   | Got an iridescent mace
  8791 | Lair:4   | Slain by a komodo dragon

Skill      XL: |  1  2  3  4  5  6  7  8  9 10 11 |
---------------+----------------------------------+-----
Dodging        | 2 3 4 5 |  5.4
Fighting       | 1 2 3 4 5 |  5.0
Unarmed Combat | 1 2 3 |  3.4
Stealth        | 2 3 4 |  4.4
Spellcasting   | 3 4 5 6 7 |  7.0
Necromancy     | 5 6 7 8 |  8.8
Charms         | 1 2 |  2.1
Armour         | 1 2 4 5 6 |  6.9
Evocations     | 1 4 5 |  5.9
Shields        | 2 3 4 |  4.0
Maces & Flails | 2 3 |  3.0
Invocations    | 2 4 5 |  5.9

Action                   |  1- 3 |  4- 6 |  7- 9 | 10-12 || total
-------------------------+-------+-------+-------+-------++-------
Melee: Whip              |    15 |       |    69 |   309 ||   393
       Dagger            |    19 |       |       |       ||    19
       Short sword       |     2 |   104 |   126 |       ||   232
       Kick              |       |    18 |    50 |   168 ||   236
       Punch             |       |     1 |     2 |     2 ||     5
 Fire: Shortbow          |       |    16 |    12 |       ||    28
Throw: Dart              |       |    26 |    12 |    14 ||    52
       Boomerang         |       |       |       |     4 ||     4
 Cast: Pain              |    16 |    90 |    84 |    28 ||   218
       Animate Skeleton  |    11 |    38 |    37 |    40 ||   126
       Vampiric Draining |     2 |     4 |     7 |    21 ||    34
       Regeneration      |       |     3 |     3 |     8 ||    14
Invok: Bend Time         |       |       |       |     3 ||     3
 Abil: Evoke Invisibilit |       |       |     1 |       ||     1
Evoke: Wand              |       |       |    23 |     6 ||    29
  Use: Scroll            |       |     7 |     4 |    11 ||    22
       Potion            |       |       |     2 |       ||     2
 Stab: Sleeping          |     6 |     3 |     3 |       ||    12
       Distracted        |       |       |     1 |     2 ||     3
       Invisible         |       |       |     2 |       ||     2
  Eat: Chunk             |     1 |     9 |     9 |     6 ||    25
Armor: Robe              |     8 |    43 |       |       ||    51
       Ring mail         |       |       |   102 |    73 ||   175
       Chain mail        |       |       |       |   115 ||   115
Dodge: Dodged            |    28 |    92 |   156 |   202 ||   478
Block: Buckler           |       |       |       |    82 ||    82
